 Dungeon Sprint DCSS version 0.28-a0-537-g3bccd9ccbf (webtiles) character file.

Game seed: 4603745621212821880

298 DyedRed the Slasher (level 6, -12/38 HPs)
             Began as a Vine Stalker Monk on Sept 27, 2021.
             Was a Believer of Makhleb.
             Mangled by a two-headed ogre (15 damage)
             ... in the Dungeon (Sprint IX: "|||||||||||||||||||||||||||||").
             The game lasted 00:02:00 (137 turns).

DyedRed the Slasher (Vine Stalker Monk)              Turns: 137, Time: 00:02:01

Health: -12/38     AC: 11    Str: 13    XL:     6   Next: 36%
Magic:  0/7        EV: 10    Int: 13    God:    Makhleb [**....]
Gold:   0          SH:  0    Dex: 19    Spells: 5/5 levels left

rFire   . . .      SeeInvis .   j - +2 scimitar (holy)
rCold   . . .      Faith    .   (no shield)
rNeg    . . .      Spirit   +   m - +1 chain mail
rPois   .          Reflect  .   (no helmet)
rElec   .          Harm     .   (no cloak)
rCorr   .          Rampage  .   k - +0 pair of gloves
Will    .....      NoTele   +   l - +0 pair of boots
Stlth   ..........              (no amulet)
HPRegen 1.12/turn               o - +3 ring of intelligence
MPRegen 0.10/turn               n - +2 ring of evasion

@: no status effects
A: fangs 2, regeneration 1, magic shield, antimagic bite, no potion heal 2
a: Renounce Religion, Minor Destruction


You were in the Dungeon.
You worshipped Makhleb.
Makhleb was pleased with you.
You visited 1 branch

Inventory:

Hand Weapons
 j - a +2 scimitar of holy wrath (weapon)
Armour
 k - a +0 pair of gloves (worn)
 l - a +0 pair of boots (worn)
 m - a +1 chain mail (worn)
Jewellery
 n - a +2 ring of evasion (right hand)
 o - a +3 ring of intelligence (left hand)
Wands
 i - a wand of acid (6)
Scrolls
 g - 2 scrolls of blinking
 h - 2 scrolls of amnesia
Potions
 c - 5 potions of curing
 d - a potion of haste
 e - 4 potions of magic
 f - a potion of invisibility


   Skills:
 + Level 7.4 Fighting
 + Level 7.6 Long Blades
 + Level 0.4 Armour
 + Level 6.3 Dodging
 - Level 2.4 Stealth


You had 5 spell levels left.
You didn't know any spells.
Your spell library was empty.

Dungeon Overview and Level Annotations

Branches:
Dungeon (1/1)

Altars:
Cheibriados
Dithmenos
Elyvilon
Fedhas
Gozag
Hepliaklqana
Kikubaaqudgha
Makhleb
Nemelex Xobeh
Okawaru
Qazlal
Ru
Sif Muna
Trog
Uskayaw
Vehumet
Wu Jian
Xom
Yredelemnul
Zin
The Shining One
Beogh
Jiyva
Lugonu


Innate Abilities, Weirdness & Mutations

You have extremely sharp teeth.
Your natural rate of healing is unusually fast.
When hurt, damage is shared between your health and your magic reserves.
Your bite disrupts and absorbs the magic of your enemies.
Potions cannot restore your health.


Message History

You kill the killer bee!
Makhleb accepts your kill.
The bolt of acid hits the orc wizard!
You kill the orc wizard!
Makhleb accepts your kill.
You feel better.
The bolt of acid hits the yak!
The acid corrodes the yak!
The yak is heavily wounded.
The two-headed ogre hits you with a +0 giant spiked club!!
The two-headed ogre hits you with a +0 giant spiked club!
Your Fighting skill increases to level 7!
Your Dodging skill increases to level 6!
Unknown command.
Unknown command.
Aiming: Corrosive Bolt
Press: ? - help, Shift-Dir - straight line, f/p - two-headed ogre
Aim: a two-headed ogre, wielding two +0 giant spiked clubs (moderately wounded, covered in acid, 86% to hit)
The bolt of acid hits the two-headed ogre!
The two-headed ogre seems to be corroded for longer.
The two-headed ogre is heavily wounded.
The bolt of acid hits the yak!
The yak is almost dead.
The bolt of acid hits the yak!
The yak is moderately wounded.
The two-headed ogre closely misses you.
The two-headed ogre hits you with a +0 giant spiked club!
* * * LOW HITPOINT WARNING * * *
Unknown command.
Aiming: Corrosive Bolt
Press: ? - help, Shift-Dir - straight line, f/p - two-headed ogre
Aim: a two-headed ogre, wielding two +0 giant spiked clubs (heavily wounded, covered in acid, 86% to hit)
The bolt of acid hits the two-headed ogre!
The two-headed ogre is severely wounded.
The bolt of acid hits the yak!
You kill the yak!
Makhleb accepts your kill.
You feel better.
The bolt of acid misses the yak.
The two-headed ogre hits you with a +0 giant spiked club!
* * * LOW HITPOINT WARNING * * *
The two-headed ogre hits you with a +0 giant spiked club!
You die... ▓▓▓▓▓▓▓▓▓▓▓▓▓▓▓▓▓▓▓▓▓▓▓▓ ....Y†O@.....).!'_______ ▓▓▓▓▓▓▓▓▓▓▓▓▓▓▓▓▓▓▓▓▓▓▓▓

You could see a two-headed ogre (corroded) and a yak.

Vanquished Creatures
  A yak (D)
  A water moccasin (D)
  A necrophage (D)
  A killer bee (D)
  A jelly (D)
  An orc wizard (D)
  A bat (D)
  A giant cockroach (D)
  A quokka (D)
  A kobold (D)
  A quokka zombie (D)
  2 rats (D)
13 creatures vanquished.

Notes
Turn   | Place    | Note
-------+----------+-------------------------------------------
     0 | D        | DyedRed the Vine Stalker Monk began the quest for the Orb.
     0 | D        | Reached XP level 1. HP: 11/11 MP: 2/2
    18 | D        | Noticed a water moccasin
    18 | D        | Noticed a jelly
    18 | D        | Noticed a necrophage
    23 | D        | Killed a necrophage
    24 | D        | Reached skill level 5 in Fighting
    24 | D        | Reached skill level 5 in Long Blades
    24 | D        | Reached XP level 2. HP: 18/18 MP: 3/3
    24 | D        | Reached XP level 3. HP: 23/23 MP: 4/4
    24 | D        | Gained mutation: Your natural rate of healing is unusually
                  | fast. [Vine Stalker growth]
    24 | D        | Reached XP level 4. HP: 27/27 MP: 5/5
    25 | D        | Reached XP level 5. HP: 31/32 MP: 4/6
    32 | D        | Killed a water moccasin
    33 | D        | Reached skill level 5 in Dodging
    33 | D        | Reached XP level 6. HP: 28/37 MP: 5/7
    50 | D        | Found a snail-covered altar of Cheibriados.
    50 | D        | Found a shadowy altar of Dithmenos.
    50 | D        | Found a white marble altar of Elyvilon.
    50 | D        | Found a blossoming altar of Fedhas.
    50 | D        | Found an opulent altar of Gozag.
    51 | D        | Found a hazy altar of Hepliaklqana.
    52 | D        | Found a viscous altar of Jiyva.
    53 | D        | Found an ancient bone altar of Kikubaaqudgha.
    54 | D        | Found a corrupted altar of Lugonu.
    55 | D        | Found a burning altar of Makhleb.
    56 | D        | Found a sparkling altar of Nemelex Xobeh.
    57 | D        | Found an iron altar of Okawaru.
    58 | D        | Found a stormy altar of Qazlal.
    59 | D        | Found a sacrificial altar of Ru.
    60 | D        | Found a shimmering blue altar of Sif Muna.
    61 | D        | Found a bloodstained altar of Trog.
    62 | D        | Found a hide-covered altar of Uskayaw.
    63 | D        | Found a radiant altar of Vehumet.
    64 | D        | Found an ornate altar of the Wu Jian Council.
    65 | D        | Found a shimmering altar of Xom.
    66 | D        | Found a basalt altar of Yredelemnul.
    71 | D        | Became a worshipper of Makhleb the Destroyer
    71 | D        | Reached * piety under Makhleb
    71 | D        | Reached ** piety under Makhleb
    76 | D        | Found a glowing silver altar of Zin.
    77 | D        | Found a glowing golden altar of the Shining One.
   130 | D        | Noticed a vampire
   130 | D        | Noticed a yak
   130 | D        | Noticed a yak
   130 | D        | Noticed a two-headed ogre
   137 | D        | Killed a yak
   137 | D        | Mangled by a two-headed ogre

Illustrated notes

Levels and vault maps discovered:
D:        linesprint [early_d, line_temple, items_1, d_10, items_2, lair_1,
          lair_end, items_3, orc_1, orc_end, items_4, d_15, swamp_1, shoals_1,
          snake_1, spider_1, d_20, vaults_1, items_5, swamp_end, shoals_end,
          snake_end, spider_end, vaults_end, d_27, items_6, zot_1, zot_end,
          crypt_end, forest_end, elf_end, slime_end, tomb_end, abyss_end,
          pan_hell_end]

Skill      XL: |  1  2  3  4  5  6 |
---------------+-------------------+-----
Fighting       | 5 6 7 |  7.4
Long Blades    | 5 7 |  7.6
Dodging        | 4 5 6 |  6.3
Armour         | |  0.4
Stealth        | |  2.4

Action                   |  1- 3 |  4- 6 || total
-------------------------+-------+-------++-------
Melee: Falchion          |    12 |    10 ||    22
       Bite              |     2 |     3 ||     5
       Scimitar          |       |     3 ||     3
Evoke: Wand              |       |     4 ||     4
  Use: Potion            |     1 |       ||     1
 Stab: Sleeping          |     2 |       ||     2
Armor: Robe              |     4 |       ||     4
       Chain mail        |       |     2 ||     2
Dodge: Dodged            |     5 |     7 ||    12

Table legend: (Time is in decaauts)
 A = Elapsed time spent in this place.
 B = Non-inter-level travel time spent in this place.
 C = Inter-level travel time spent in this place.
 D = Time resting spent in this place.
 E = Time spent auto-exploring this place.
 F = Levels seen in this place.
 G = Mean time per level.
                   A        B        C        D        E       F      G
               +--------+--------+--------+--------+--------+-----+--------+
         Total |    148 |    148 |      0 |     13 |     10 |   1 |  148.0 |
       Dungeon |    148 |    148 |      0 |     13 |     10 |   1 |  148.0 |
               +--------+--------+--------+--------+--------+-----+--------+

Top non-repeatable levels by time:
       D: 148 daAuts
